 Dungeon Crawl Stone Soup version 0.17-a0-1691-g18a3847 (webtiles) character file.

1380 Gorice the Slicer (level 8, -2/56 HPs)
             Began as a Mummy Wanderer on Aug 20, 2015.
             Was a Follower of Makhleb.
             Slain by an ogre
             ... wielding a +0 giant club
              (7 damage)
             ... on level 5 of the Dungeon.
             The game lasted 00:41:42 (8180 turns).

Gorice the Slicer (Mummy Wanderer)                  Turns: 8180, Time: 00:41:43

Health: -2/56      AC: 12    Str: 15    XL:     8   Next: 39%
Magic:  8/8        EV:  4    Int: 15    God:    Makhleb [*.....]
Gold:   334        SH:  0    Dex: 14    Spells: 0 memorised, 7 levels left

rFire  x . .     SeeInvis .     a - +3 short sword
rCold  + . .     Clarity  .     g - +0 plate armour
rNeg   + + +     SustAt   .     (no shield)
rPois  ∞         Gourm    .     s - +0 helmet
rElec  .         Spirit   .     (no cloak)
rCorr  .         Warding  .     (no gloves)
rMut   .         Stasis   .     z - +0 pair of boots (curse)
MR     ++...                    (no amulet)
Stlth  ..........               y - ring of protection from magic
                                H - +4 ring of intelligence (curse)

@: very resistant to hostile enchantments, extremely unstealthy
A: no food or potions, fire vulnerability, cold resistance 1, negative energy
resistance 3, torment resistance, unbreathing
a: Renounce Religion


You were on level 5 of the Dungeon.
You worshipped Makhleb.
Makhleb was aware of your devotion.
You were not hungry.

You visited 2 branches of the dungeon, and saw 7 of its levels.
You also visited: Sewer.

You collected 334 gold pieces.

Inventory:

Hand weapons
 a - a +3 short sword (weapon)
 b - a +0 hunting sling
 m - a +0 hand axe
 p - a +0 trident
 r - a +0 spear
 A - a +0 vampiric hand axe
   (You took it off an orc on level 5 of the Dungeon)
 B - a cursed -3 dagger
 C - a +0 broad axe
 F - a +0 halberd
 G - a +1 spear of venom
   (You took it off a gnoll on level 6 of the Dungeon)
Missiles
 i - 126 bolts
 o - 28 sling bullets
 v - 5 tomahawks (quivered)
 w - 3 javelins
 x - 17 poisoned needles
 Y - a throwing net
 Z - 114 stones
Armour
 g - a +0 plate armour (worn)
 s - a +0 helmet (worn)
 z - a cursed +0 pair of boots (worn)
Jewellery
 e - an uncursed amulet of faith {!P}
 j - an uncursed ring of teleportation
 k - an uncursed ring of protection from cold
 y - a ring of protection from magic (right hand)
 H - a cursed +4 ring of intelligence (left hand)
Magical devices
 E - a wand of frost (28)
Scrolls
 c - 2 scrolls of teleportation {!r}
 d - a scroll of fear {unknown}
 f - 2 scrolls of enchant armour
 h - 2 scrolls of identify
 l - a scroll of blinking
 n - 2 scrolls of recharging
 q - 2 scrolls of amnesia
 t - a scroll of immolation {!r}
 u - 2 scrolls of remove curse
 D - a scroll of vulnerability {!r!r}


   Skills:
 - Level 2.0 Fighting
 * Level 8.7 Short Blades
   Level 1.5 Crossbows
 - Level 1.5 Armour
 - Level 1.0 Dodging
 - Level 1.0 Stealth
 - Level 1.0 Evocations


You had 7 spell levels left.
You didn't know any spells.

Dungeon Overview and Level Annotations

Branches:
Dungeon (6/15)             Temple (1/1) D:5

Altars:
Ashenzari
Cheibriados
Dithmenos
Elyvilon
Fedhas
Gozag
Kikubaaqudgha
Makhleb
Nemelex Xobeh
Qazlal
Ru
Sif Muna
Trog
Vehumet
Xom
Yredelemnul
Zin
The Shining One

Annotations:
D:3 vpUX: Yiuf's house
D:5 Duvessa


Innate Abilities, Weirdness & Mutations

You do not eat or drink.
Your flesh is vulnerable to fire.
You are immune to poison.
Your flesh is cold resistant.
You are immune to negative energy.
You are immune to unholy pain and torment.
You can survive without breathing.


Message History

The orc warrior hits you with a battleaxe!
You climb upwards.
Level annotation: Duvessa
There is a stone staircase leading down here.
Damage: 12 (max 12)
You hit the giant frog.
The giant frog is lightly wounded.
The giant frog hits you.
* * * LOW HITPOINT WARNING * * *
Damage: 4 (max 12)
Your plate armour prevents you from hitting the giant frog.
The giant frog is lightly wounded.
The giant frog hits you but does no damage.
Unknown command.
The giant frog hits you.
* * * LOW HITPOINT WARNING * * *
Damage: 5 (max 12) Unknown command.
The giant frog hits you but does no damage.
You open the door.
The giant frog hits you but does no damage.
The giant frog hits you but does no damage.
There is an open door here.
The giant frog hits you but does no damage.
The giant frog hits you but does no damage.
The giant frog hits you but does no damage.
The giant frog hits you but does no damage.
The giant frog hits you.
* * * LOW HITPOINT WARNING * * *
Damage: 6 (max 12)
The giant frog hits you but does no damage.
Read which item? (? for menu, Esc to quit)
Really read
c - 3 scrolls of teleportation {!r}?
As you read the scroll of teleportation {!r}, it crumbles to dust.
You feel strangely unstable. The giant frog barely misses you.
Unknown command.
The giant frog hits you.
* * * LOW HITPOINT WARNING * * *
Damage: 1 (max 12)
Your surroundings suddenly seem different.
A centaur comes into view.
The centaur shouts!
The centaur wields a shortbow.
The centaur shoots an arrow.
The arrow hits you but does no damage.
You see here an arrow.
The ogre shouts!
The centaur shoots an arrow.
The arrow hits you but does no damage.
You see here an arrow.
The ogre hits you with a giant club!
You die...

.............##......#..##O#.....
............###............#.#'##
...........## #..###.#<###.#O#.##
..........#####......#.###.#e#.##
#........##...#..#####.#.....#...
####''####.#.....# #.#.........
#..# #.......# ###...........
#..# #.##.#.####.............
#..# #.##..O@.((......?......
#..# ##.##.#.###c..[..........
#..# #.....#.###..............
#..# #.....#................##
#..# #.....#.#.......######.#
#..# #.....#.#.8.8.8....# #.#
#..# #.....#.#..⌠.⌠...#.# #.##
#..# #####.#...8.>.8..#.###...
#..# #.#.#..⌠.⌠...#.#...##


You could see an ogre and a centaur.

Vanquished Creatures
  An ice beast (D:5)
  A sky beast (D:5)
  An ogre (D:5)
  A necrophage (D:5)
  A big kobold (Sewer)
  A giant frog (D:6)
  Dowan (D:6)
  A crimson imp (D:5)
  5 hounds
  A gnoll shaman (D:5)
  An iguana (D:5)
  An orc priest (D:6)
  4 worker ants
  Natasha (thrice) (D:3)
  2 orc wizards (D:6)
  A hound skeleton (D:4)
  Robin (D:2)
  14 adders
  9 gnolls
  A river rat (Sewer)
  A shadow imp (D:6)
  6 oozes
  2 adder skeletons (D:4)
  A worm (Sewer)
  3 giant geckos
  13 orcs
  6 hobgoblins
  15 jackals
  13 kobolds
  A quokka (D:2)
  4 ball pythons
  3 bats
  6 giant cockroaches
  A giant gecko skeleton (D:5)
  6 giant newts
  14 goblins
  A quokka skeleton (D:4)
  11 rats
158 creatures vanquished.

Notes
Turn   | Place    | Note
--------------------------------------------------------------
     0 | D:1      | Gorice the Mummy Wanderer began the quest for the Orb.
     0 | D:1      | Gorice set off with: a +2 short sword, a +0 hand axe, a scroll of teleportation {!r}, a +0 robe
     0 | D:1      | Reached XP level 1. HP: 16/16 MP: 1/1
   368 | D:2      | Reached XP level 2. HP: 22/22 MP: 2/2
   520 | D:2      | Reached skill level 2 in Short Blades
   678 | D:2      | Reached XP level 3. HP: 18/27 MP: 3/3
   768 | D:2      | Found a stormy altar of Qazlal.
   922 | D:2      | Reached skill level 3 in Short Blades
  1406 | D:2      | Reached XP level 4. HP: 33/33 MP: 4/4
  1637 | D:3      | Noticed Robin
  1890 | D:3      | Noticed Natasha
  2056 | D:3      | Reached skill level 4 in Short Blades
  2122 | D:3      | Killed Natasha
  2122 | D:3      | Reached XP level 5. HP: 34/38 MP: 5/5
  2126 | D:3      | Noticed Natasha
  2135 | D:3      | Killed Natasha
  2298 | D:3      | Noticed Natasha
  2321 | D:3      | Killed Natasha
  2337 | D:3      | Found a shimmering altar of Xom.
  2473 | D:2      | Killed Robin
  2858 | D:4      | Found a glowing drain.
  2898 | Sewer    | Entered a sewer
  2904 | Sewer    | Reached skill level 5 in Short Blades
  3048 | Sewer    | Reached XP level 6. HP: 44/44 MP: 6/6
  3861 | D:4      | Reached skill level 6 in Short Blades
  4438 | D:5      | Entered Level 5 of the Dungeon
  4732 | D:5      | Reached XP level 7. HP: 34/50 MP: 7/7
  4919 | D:5      | Found a staircase to the Ecumenical Temple.
  4954 | Temple   | Entered the Ecumenical Temple
  4991 | Temple   | Became a worshipper of Makhleb the Destroyer
  5190 | D:5      | HP: 14/50 [ice beast (2)]
  5433 | D:5      | Reached skill level 7 in Short Blades
  6066 | D:5      | Acquired Makhleb's first power
  6151 | D:5      | Reached XP level 8. HP: 23/56 MP: 8/8
  6508 | D:6      | Noticed Duvessa
  6606 | D:6      | HP: 13/56 [ogre/giant club (22)]
  6856 | D:5      | Reached skill level 8 in Short Blades
  6917 | D:6      | Noticed Dowan
  6942 | D:6      | Killed Dowan
  7220 | D:6      | HP: 9/56 [ogre/giant club (26)]
  7256 | D:6      | HP: 14/56 [ogre/giant club (1)]
  8157 | D:5      | HP: 13/56 [giant frog (4)]
  8170 | D:5      | HP: 4/56 [giant frog (6)]
  8180 | D:5      | Slain by an ogre

Vault maps used:
D:1:      lightli_arrival_windingriver
D:2:      lemuel_round_altar, first_bread
D:3:      lemuel_doored_altar, minmay_misc_feat_ornament, st_stairs_11,
          uniq_crazy_yiuf_cottage, uniq_robin, uniq_natasha
D:4:      portal_sewer_entry_a, minmay_joined_circles
D:5:      minmay_temple_entry_statues_fountains, kennysheep_big_empty_room
D:6:      uniq_duvessa
Temple:   lightli_temple_of_artemis
Sewer:    sewer_co_15_rooms

Action                   |  1- 3 |  4- 6 |  7- 9 || total
-------------------------+-------+-------+-------++-------
Melee: Short sword       |   128 |   273 |   312 ||   713
 Fire: Hunting sling     |       |    48 |    47 ||    95
Throw: Stone             |     8 |     1 |       ||     9
       Tomahawk          |       |     5 |    11 ||    16
       Javelin           |       |       |     2 ||     2
  Use: Scroll            |       |     9 |     4 ||    13
 Stab: Sleeping          |     2 |       |       ||     2

Table legend:
 A = Turns spent in this place as a percentage of turns spent in the entire game.
 B = Non-inter-level travel turns spent in this place as a percentage of non-inter-level travel turns spent in the entire game.
 C = Inter-level travel turns spent in this place as a percentage of turns spent in this place.
 D = Turns resting spent in this place as a percentage of non-inter-level travel turns spent in this place.
 E = Turns spent auto-exploring this place as a percentage of non-inter-level travel turns spent in this place.
 F = Non-inter-level travel turns spent in this place divided by the number of levels of this place that you've seen.
                   A       B       C       D       E      F
               +-------+-------+-------+-------+-------+----------------------
         Total | 100.0 | 100.0 |   0.5 |   1.4 |   4.5 | 385.4
       Dungeon |  88.0 |  88.0 |   0.6 |   1.4 |   4.8 | 452.0
        Temple |   1.4 |   1.4 |   2.3 |   0.0 |   0.0 |  43.0
         Sewer |  10.6 |  10.6 |   0.0 |   1.2 |   3.0 | 328.0
               +-------+-------+-------+-------+-------+----------------------

Vault maps used:
D:1:      lightli_arrival_windingriver
D:2:      lemuel_round_altar, first_bread
D:3:      lemuel_doored_altar, minmay_misc_feat_ornament, st_stairs_11,
          uniq_crazy_yiuf_cottage, uniq_robin, uniq_natasha
D:4:      portal_sewer_entry_a, minmay_joined_circles
D:5:      minmay_temple_entry_statues_fountains, kennysheep_big_empty_room
D:6:      uniq_duvessa
Temple:   lightli_temple_of_artemis
Sewer:    sewer_co_15_rooms
